 Dungeon Sprint DCSS version 0.19.0-19-g8c6edcc (webtiles) character file.

177 NINUZHNO the Formicid Disaster (level 5, -1/41 HPs)
             Began as a Formicid Fighter on Nov 12, 2016.
             Was a Believer of Qazlal.
             Slain by a crimson imp
             ... wielding a +0 trident of distortion
              (15 damage)
             ... in the Dungeon (Sprint V: "Ziggurat Sprint").
             The game lasted 00:02:19 (123 turns).

NINUZHNO the Formicid Disaster (Formicid Fighter)    Turns: 123, Time: 00:02:19

Health: -1/41      AC: 26    Str: 39    XL:     5   Next: 87%
Magic:  5/11       EV:  8    Int:  7    God:    Qazlal [**....]
Gold:   0          SH: 11    Dex: 10    Spells: 0 memorised, 4 levels left

rFire  . . .     SeeInvis +     P - +5 executioner's axe
rCold  . . .     Gourm    .     Q - +15 Maxwell's patent armour {-Cast -Tele rElec MR+ rCorr}
rNeg   . . .     Faith    .     K - +3 buckler
rPois  .         Spirit   .     (helmet unavailable)
rElec  +         Reflect  .     (no cloak)
rCorr  +         Harm     .     (no gloves)
MR     +....     NoCast   +     (no boots)
Stlth  ..........               (no amulet)
                                I - +6 ring of strength
                                H - +6 ring of strength

@: mighty
A: permanent stasis, dig shafts and tunnels, four strong arms, antennae 3
a: Dig, Upheaval, Renounce Religion


You were in the Dungeon.
You worshipped Qazlal.
Qazlal was pleased with you.
You were not hungry.

You visited 1 branch

Inventory:

Hand Weapons
 a - a +0 war axe
 P - a +5 executioner's axe (weapon)
Armour
 c - a +0 shield
 K - a +3 buckler (worn)
 L - a +3 large shield
 M - a +3 shield
 N - a +5 crystal plate armour
 O - +5 gold dragon scales
 Q - the +15 Maxwell's patent armour (worn) {-Cast -Tele rElec MR+ rCorr}
   (You found it in the Dungeon)

   It insulates you from electricity.
   It affects your resistance to hostile enchantments.
   It prevents spellcasting.
   It prevents most forms of teleportation.
   It protects you from acid and corrosion.
Jewellery
 D - a +6 ring of dexterity
 E - a +6 ring of dexterity
 F - a +6 ring of intelligence
 G - a +6 ring of intelligence
 H - a +6 ring of strength (left hand)
 I - a +6 ring of strength (right hand)
 J - an uncursed ring of flight
Wands
 y - a wand of disintegration (7/24)
 A - a wand of iceblast (5/15)
 B - a wand of lightning (5/15)
 C - a wand of acid (5/15)
Scrolls
 k - 4 scrolls of blinking
 q - 4 scrolls of amnesia
 r - 3 scrolls of recharging
 s - 7 scrolls of fog
 t - a scroll of holy word
 u - 5 scrolls of identify
 v - 5 scrolls of remove curse
 w - 2 scrolls of fear
Potions
 d - 5 potions of might
 e - 10 potions of curing
 g - 10 potions of heal wounds
 h - 6 potions of haste
 i - 7 potions of magic
 j - 3 potions of berserk rage
 l - 2 potions of brilliance
 m - 2 potions of invisibility
 n - 4 potions of resistance
 o - a potion of experience
 p - 5 potions of agility
Miscellaneous
 b - a disc of storms
 R - a crystal ball of energy
 S - a phantom mirror
Comestibles
 f - 5 bread rations
 x - 42 fruits
 z - 4 meat rations


   Skills:
 - Level 3.2 Fighting
 + Level 5.7 Axes
 - Level 3.2 Armour
 + Level 7.4 Shields
 * Level 9.2 Invocations


You had 4 spell levels left.
You didn't know any spells.

Dungeon Overview and Level Annotations

Branches:
Dungeon (1/1)

Altars:
Ashenzari
Cheibriados
Dithmenos
Elyvilon
Fedhas
Gozag
Hepliaklqana
Kikubaaqudgha
Makhleb
Nemelex Xobeh
Okawaru
Qazlal
Ru
Sif Muna
Trog
Uskayaw
Vehumet
Xom
Yredelemnul
Zin
The Shining One
Beogh
Jiyva
Lugonu


Innate Abilities, Weirdness & Mutations

You are under a permanent stasis effect.
You can dig through walls and to a lower floor.
Your four strong arms can wield two-handed weapons with a shield.
You have a pair of large antennae on your head. (SInv)


Message History

You slice the white imp like a ripe choko!!!
You kill the white imp!
Qazlal accepts your kill.
You can now call upon nature to destroy your foes.
You slash the shadow imp!
You kill the shadow imp!
Qazlal accepts your kill.
Your Invocations skill increases to level 9!
You slash the shadow imp!
You kill the shadow imp!
Qazlal accepts your kill. You block the crimson imp's attack.
The crimson imp barely misses you.
You closely miss the crimson imp.
The crimson imp hits you but does no damage.
Space bends around you. The crimson imp barely misses you.
You miss the crimson imp.
The crimson imp hits you but does no damage.
Space warps horribly around you!
You die...

▓▓▓▓▓▓▓▓▓▓▓▓▓▓▓▓▓▓▓
▓.8©8.▓.8©8.▓.8©8.▓
▓..[}.▓.})..▓.....▓
▓..}..▓.....▓.).).▓
▓.§5..▓.....▓.)...▓
▓..@§.▓.....▓..†..▓
▓.§...▓.....▓.....▓
▓.....▓.....▓▓▓▓▓▓▓
▓▓▓▓▓▓▓▓▓▓▓▓▓ {{{


{{{{ { { You could see a crimson imp.

Vanquished Creatures
  A necrophage (D)
  A wight (D)
  A quasit (D)
  2 shadow imps (D)
  A white imp (D)
  A bat zombie (D)
  A jackal zombie (D)
8 creatures vanquished.

Notes
Turn   | Place    | Note
-------+----------+-------------------------------------------
     0 | D        | NINUZHNO the Formicid Fighter began the quest for the Orb.
     0 | D        | Reached XP level 1. HP: 18/18 MP: 1/1
     0 | D        | Found a deep blue altar of Sif Muna.
     0 | D        | Found a sacrificial altar of Ru.
     0 | D        | Found a bloodstained altar of Trog.
     0 | D        | Found a stormy altar of Qazlal.
     0 | D        | Found an iron altar of Okawaru.
     0 | D        | Found a sparkling altar of Nemelex Xobeh.
     0 | D        | Found a blossoming altar of Fedhas.
     2 | D        | Found an ancient bone altar of Kikubaaqudgha.
     2 | D        | Found a viscous altar of Jiyva.
     2 | D        | Found a corrupted altar of Lugonu.
     2 | D        | Found a hazy altar of Hepliaklqana.
     2 | D        | Found a burning altar of Makhleb.
     2 | D        | Found an opulent altar of Gozag.
    80 | D        | Became a worshipper of Qazlal Stormbringer
    88 | D        | Entered arena 1.
    88 | D        | Noticed a wight
    88 | D        | Noticed a necrophage
    94 | D        | Killed a necrophage
    94 | D        | Reached skill level 6 in Invocations
    94 | D        | Reached XP level 2. HP: 17/24 MP: 1/6
    94 | D        | Reached XP level 3. HP: 20/29 MP: 1/7
    94 | D        | Reached XP level 4. HP: 24/35 MP: 1/9
    97 | D        | Reached skill level 5 in Axes
    97 | D        | Reached skill level 7 in Invocations
    97 | D        | Reached XP level 5. HP: 29/41 MP: 1/10
   101 | D        | Entered arena 2.
   103 | D        | Reached * piety under Qazlal
   103 | D        | Reached skill level 8 in Invocations
   117 | D        | Entered arena 3.
   120 | D        | Reached ** piety under Qazlal
   120 | D        | Reached skill level 9 in Invocations
   123 | D        | Slain by a crimson imp

Skill      XL: |  1  2  3  4  5 |
---------------+----------------+-----
Axes           | 4 5 |  5.7
Shields        | 6 7 |  7.4
Invocations    | 6 7 9 |  9.2
Fighting       | |  3.2
Armour         | |  3.2

Action                   |  1- 3 |  4- 6 || total
-------------------------+-------+-------++-------
Melee: Executioner's axe |     5 |    15 ||    20
  Use: Potion            |     1 |       ||     1
Armor: Plate armour      |     5 |    30 ||    35
Dodge: Dodged            |     4 |    21 ||    25
Block: Buckler           |     5 |    25 ||    30
